 Dungeon Crawl Stone Soup version 0.25.0-9-g26727b657a (webtiles) character file.

Game seed: 4856947503349916942

198409 tilp the Devastator (level 17, -12/146 HPs)
             Began as a White Draconian Fire Elementalist on June 15, 2020.
             Was a High Priest of Vehumet.
             Mangled by a sea snake (19 damage)
             ... on level 2 of the Shoals on June 16, 2020.
             The game lasted 03:01:46 (55302 turns).

tilp the Devastator (DrFE)                         Turns: 55302, Time: 03:01:48

Health: -12/146    AC: 18    Str: 17    XL:     17   Next: 81%
Magic:  25/33      EV: 17    Int: 31    God:    Vehumet [*****.]
Gold:   2108       SH:  0    Dex: 21    Spells: 2/40 levels left

rFire    + . .     SeeInvis +   a - +10 dire flail of Insomnia {protect, rC++ SInv}
rCold    + + +     Gourm    .   (shield currently unavailable)
rNeg     . . .     Faith    .   (armour unavailable)
rPois    .         Spirit   .   h - +3 hat "Enymejit" {rElec Int+5 Dex+3}
rElec    +         Reflect  .   E - scarf {repulsion}
rCorr    .         Harm     .   r - +2 pair of gloves
MR       ++...                  p - +2 pair of boots of Ysoesm {rF+ MR+ Str+4}
Stlth    ++++......             Q - amulet of magic regeneration
HPRegen  0.34/turn              H - +6 ring of dexterity
MPRegen  0.48/turn              F - +6 ring of intelligence

@: lethally poisoned (-12 -> -17), engulfed (cannot breathe), repel missiles
A: breathe frost, unfitting armour, cold resistance 1, cold-blooded, AC +9
}: 1/15 runes: serpentine
a: Breathe Frost, Renounce Religion


You were on level 2 of the Shoals.
You worshipped Vehumet.
Vehumet was extremely pleased with you.
You were not hungry.

You visited 6 branches of the dungeon, and saw 30 of its levels.
You also visited: Gauntlet, Ice Cave and Volcano.

You collected 3927 gold pieces.
You spent 1819 gold pieces at shops.

Inventory:

Hand Weapons
 a - the +10 dire flail of Insomnia (weapon) {protect, rC++ SInv}
   (You bought it in a shop on level 2 of the Orcish Mines)

   It grants its wielder temporary protection when it strikes (+7 to AC).
   It greatly protects you from cold.
   It lets you see invisible.
 b - a +6 dire flail of holy wrath
Missiles
 u - 22 poisoned darts (quivered)
 w - 5 throwing nets
 S - 23 silver javelins
Armour
 h - the +3 hat "Enymejit" (worn) {rElec Int+5 Dex+3}
   (You found it in a Gauntlet)

   It affects your intelligence (+5).
   It affects your dexterity (+3).
   It insulates you from electricity.
 p - the +2 pair of boots of Ysoesm (worn) {rF+ MR+ Str+4}
   (You found it in a Gauntlet)

   It affects your strength (+4).
   It protects you from fire.
   It affects your resistance to hostile enchantments.
 r - a +2 pair of gloves (worn)
 E - a scarf of repulsion (worn)
 J - a +2 cloak of poison resistance
Jewellery
 i - an uncursed ring of see invisible
 F - a +6 ring of intelligence (right hand)
 H - a +6 ring of dexterity (left hand)
 N - an uncursed ring of positive energy
 Q - an amulet of magic regeneration (around neck)
 T - an uncursed ring of fire
 X - an uncursed ring of poison resistance
Wands
 y - a wand of paralysis (14)
 A - a wand of flame (44)
 B - a wand of digging (20)
 P - a wand of acid (11)
Scrolls
 e - 3 scrolls of amnesia
 f - 4 scrolls of magic mapping
 g - 3 scrolls of fear
 k - 9 scrolls of fog
 s - 3 scrolls of summoning
 v - 3 scrolls of teleportation
 D - 9 scrolls of remove curse
 G - 3 scrolls of silence
 M - a scroll of holy word
 V - a scroll of enchant weapon
 W - 3 scrolls of blinking
Potions
 d - 2 potions of might
 j - 2 potions of flight
 m - 4 potions of brilliance
 n - 2 potions of invisibility
 q - 9 potions of curing
 t - 3 potions of haste
 x - 4 potions of stabbing
 z - 7 potions of cancellation
 C - 5 potions of resistance
 I - 5 potions of heal wounds
 K - 2 potions of mutation
 O - 2 potions of berserk rage
 U - 3 potions of ambrosia
Miscellaneous
 o - a box of beasts
 R - a phantom mirror
Comestibles
 c - 35 rations


   Skills:
 - Level 12.0 Fighting
 - Level 14.0 Maces & Flails
 - Level 6.0 Dodging
 - Level 8.0 Stealth
   Level 4.0 Shields
 - Level 12.0 Spellcasting
 - Level 15.0 Conjurations
 - Level 12.0 Fire Magic
 - Level 6.0 Ice Magic
 - Level 4.0 Air Magic
 + Level 2.4 Earth Magic
 - Level 6.0 Evocations


You had 2 spell levels left.
You knew the following spells:

 Your Spells              Type           Power        Failure   Level  Hunger
a - Bolt of Magma         Conj/Fire/Erth ######....   1%          5    ##.....
b - Lightning Bolt        Conj/Air       ######....   1%          5    ##.....
c - Sticky Flame          Conj/Fire      #######.     1%          4    None
d - Summon Butterflies    Summ           ###.....     2%          1    None
e - Fireball              Conj/Fire      #######...   1%          5    ##.....
f - Frozen Ramparts       Ice            ######       1%          3    None
g - Apportation           Tloc           ###...       2%          1    None
h - Iskenderun's Mystic   Conj/Tloc      ######..     1%          4    None
i - Hailstorm             Conj/Ice       ######..     1%          4    None
j - Freezing Cloud        Conj/Ice/Air   ######....   4%          6    ####...

Your spell library contained the following spells:

 Spells                   Type           Power        Failure   Level  Hunger
 Chain Lightning          Conj/Air       ######....   63%         8    #######
 Fire Storm               Conj/Fire      #######...   92%         9    #######
 Absolute Zero            Ice            ######....   100%        9    #######
 Foxfire                  Conj/Fire      ####         0%          1    None
 Magic Dart               Conj           ####         0%          1    None
 Searing Ray              Conj           ######       0%          2    None
 Freeze                   Ice            ####         1%          1    None
 Corpse Rot               Necr/Air       N/A          1%          2    None
 Ensorcelled Hibernation  Hex/Ice        #####.       1%          2    None
 Poisonous Vapours        Pois/Air       ####..       1%          2    None
 Animate Skeleton         Necr           N/A          2%          1    None
 Corona                   Hex            ###....      2%          1    None
 Infusion                 Chrm           ###.         2%          1    None
 Pain                     Necr           ###.         2%          1    None
 Summon Small Mammal      Summ           ###.         2%          1    None
 Shroud of Golubria       Chrm/Tloc      ###...       4%          2    None
 Song of Slaying          Chrm           ###.....     4%          2    None
 Sublimation of Blood     Necr           ###.......   4%          2    None
 Conjure Flame            Conj/Fire      #######.     1%          3    None
 Dazzling Flash           Conj/Hex       ######       1%          3    None
 Inner Flame              Hex/Fire       ######..     1%          3    None
 Mephitic Cloud           Conj/Pois/Air  ######..     1%          3    None
 Static Discharge         Conj/Air       ######..     1%          3    None
 Stone Arrow              Conj/Erth      ######       1%          3    None
 Fulminant Prism          Conj/Hex       ######....   1%          4    None
 Iskenderun's Battlesphe  Conj/Chrm      ######..     1%          5    ##.....
 Orb of Destruction       Conj           #######...   1%          7    ######.
 Ozocubu's Armour         Chrm/Ice       #####...     2%          3    None
 Conjure Ball Lightning   Conj/Air       ######....   2%          6    ####...
 Iron Shot                Conj/Erth      ######....   3%          6    ####...
 Lesser Beckoning         Tloc           ###.......   8%          3    None
 Spectral Weapon          Hex/Chrm       ###.....     8%          3    None
 Tukima's Dance           Hex            ###.....     8%          3    None
 Vampiric Draining        Necr           ###.......   8%          3    None
 Summon Ice Beast         Ice/Summ       #####...     8%          4    None
 Summon Lightning Spire   Summ/Air       ####....     12%         4    None
 Yara's Violent Unravell  Hex/Tmut       ###.......   19%         5    ##.....
 Animate Dead             Necr           N/A          26%         4    None
 Cause Fear               Hex            ###.......   26%         4    None
 Dispel Undead            Necr           ###.....     26%         4    None
 Spellforged Servitor     Conj/Summ      ######....   26%         7    ######.
 Ignition                 Fire           #######...   30%         8    #######
 Silence                  Hex/Air        ####......   32%         5    ##.....
 Agony                    Necr           ###.....     58%         5    ##.....
 Alistair's Intoxication  Tmut/Pois      ###.....     58%         5    ##.....
 Excruciating Wounds      Chrm/Necr      ###.......   58%         5    ##.....
 Summon Forest            Summ/Tloc      ###.......   58%         5    ##.....
 Simulacrum               Ice/Necr       #####.....   75%         6    ####...
 Ring of Flames           Chrm/Fire      ######....   88%         7    ######.
 Eringya's Noxious Bog    Tmut/Pois      ###.......   99%         6    ####...
 Hydra Form               Tmut           ###.......   99%         6    ####...
 Invisibility             Hex            ###.....     99%         6    ####...
 Malign Gateway           Summ/Tloc      ###.......   100%        7    ######.
 Monstrous Menagerie      Summ           ###.......   100%        7    ######.
 Summon Greater Demon     Summ           ###.......   100%        7    ######.
 Summon Hydra             Summ           ###.......   100%        7    ######.
 Discord                  Hex            ###.......   100%        8    #######
 Summon Horrible Things   Summ           ###.......   100%        8    #######
 Shatter                  Erth           ####......   100%        9    #######
 Tornado                  Air            #####.....   100%        9    #######


Dungeon Overview and Level Annotations

Branches:
Dungeon (15/15)            Temple (1/1) D:4            Lair (6/6) D:10
 Shoals (2/4) Lair:4        Snake (4/4) Lair:3        Slime (0/5) Lair:6
    Orc (2/2) D:11            Elf (0/3) Orc:2        Vaults (0/5) D:13
 Depths (0/5) D:15          IceCv (visited)         Volcano (visited)
Gauntlet (visited)

Altars:
Ashenzari
Cheibriados
Dithmenos
Elyvilon
Fedhas
Gozag
Hepliaklqana
Kikubaaqudgha
Makhleb
Nemelex Xobeh
Okawaru
Qazlal
Ru
Sif Muna
Trog
Uskayaw
Vehumet
Wu Jian
Xom
Yredelemnul
Zin
The Shining One
Beogh

Shops:
D:6 [[   D:7 =   D:14 %%   Orc:2 ([*(   Shoals:2 [

Annotations:
D:9 3 runed translucent doors, skk's ghost, novice DDFi
D:12 3 runed translucent doors
Shoals:1 exclusion: kraken


Innate Abilities, Weirdness & Mutations

You can breathe waves of freezing cold.
You can buffet flying creatures when you breathe cold.
Your icy white scales are hard. (AC +9)
You cannot fit into any form of body armour.
Your flesh is cold resistant. (rC+)
You are cold-blooded and may be slowed by cold attacks.


Message History

Vehumet accepts your kill.
You feel your power returning.
Training target 14.0 for Maces & Flails reached!
Your Maces & Flails skill increases to level 14!
The merfolk hits you with a +0 trident!
* * * LOW HITPOINT WARNING * * *
The merfolk impaler barely misses you. The sea snake bites you.
* * * LOW HITPOINT WARNING * * *
You are lethally poisoned!
The sea snake poisons you! The merfolk misses you.
The water elemental barely misses you.
Unknown command.
You feel better.
* * * LOW HITPOINT WARNING * * *
Your lungs strain for air!
The merfolk hits you but does no damage.
The merfolk impaler hits you but does no damage.
You are poisoned.
The merfolk barely misses you. The sea snake bites you!!
You die...

≈≈≈. ≈≈≈≈≈≈ ≈≈≈≈.
#.≈≈≈≈≈ ≈≈≈..
##..≈≈≈≈≈
.≈≈).##.≈≈≈≈.≈≈
.≈.§§..≈≈≈≈.>≈≈≈≈
≈..§§t.(m....≈≈≈≈
≈...§......!.≈≈≈≈
.....mE@m....≈≈≈≈
.###..S.≈†≈..≈≈≈≈
##.(m≈≈...≈≈≈≈
#.#.....≈..≈≈≈≈
#........8.8≈8≈
≈≈..≈.......⌠≈⌠≈≈
≈≈≈........8.∩≈8≈
≈...≈≈(.....⌠.⌠≈≈
≈...≈......8.8.8≈


You could see a merfolk impaler, a sea snake, a snapping turtle (slow), 3
merfolk and a water elemental.

Vanquished Creatures
  Rupert (D:13)
  Kirke (Lair:5)
  9 nagarajas
  A minotaur (Gauntlet)
  Fannar (D:11)
  Harold (D:6)
  An ogre mage (Orc:1)
  13 naga warriors
  2 vault guards (D:13)
  4 hydras
  A merfolk aquamancer (Shoals:2)
  3 catoblepae
  4 centaur warriors
  27 anacondas
  6 two-headed ogres
  3 death yaks
  6 shock serpents
  9 naga sharpshooters
  An orc high priest (Orc:2)
  2 tengu warriors
  2 skeletal warriors (D:15)
  A spark wasp zombie (D:15)
  2 unseen horrors (D:12)
  8 naga ritualists
  3 sea snakes
  A flayed ghost (D:15)
  3 wizards
  4 orc knights
  2 necromancers
  Pikel (D:9)
  13 harpies
  An anaconda skeleton (Volcano)
  9 mana vipers
  A deep elf mage (D:14)
  4 cyclopes
  A manticore (Lair:4)
  8 ugly things
  A faun (Shoals:1)
  5 orc sorcerers
  A stone giant zombie (D:15)
  3 salamanders
  12 guardian serpents
  A merfolk siren (Lair:4)
  8 elephants
  3 ice statues (IceCv)
  2 water nymphs
  29 black mambas
  A torpor snail (Lair:6)
  21 naga magi
  2 orange demons (Lair:6)
  A gargoyle (D:12)
  12 spiny frogs
  Maggie (Lair:2)
  A yaktaur (D:15)
  An efreet (D:15)
  11 rime drakes
  4 komodo dragons
  A kobold demonologist (D:12)
  3 tengu conjurers
  7 ice devils
  A harpy zombie (D:13)
  11 trolls
  A queen bee (Lair:4)
  2 merfolk (Shoals:1)
  Grinder (D:5)
  Prince Ribbit (D:5)
  6 meliai
  2 blink frogs
  A wind drake (Shoals:1)
  3 slime creatures
  A harpy skeleton (Volcano)
  A fire dragon zombie (D:15)
  2 snapping turtles (Shoals:1)
  A meliai zombie (D:12)
  13 dream sheep
  12 hippogriffs
  A wyvern (Lair:3)
  2 flying skulls (Volcano)
  A wraith (D:10)
  3 water elementals
  A fire dragon skeleton (D:15)
  2 shadows
  10 humans
  42 yaks
  7 basilisks
  5 hogs
  An alligator skeleton (Volcano)
  A steam dragon (D:10)
  4 hungry ghosts
  6 wargs
  Edmund (D:4)
  54 nagas
  2 insubstantial wisps (D:10)
  Duvessa (D:7)
  A floating eye (Gauntlet)
  4 hell hounds
  9 water moccasins
  A soldier ant (D:12)
  2 ice beasts
  4 porcupines
  45 orc warriors
  6 sky beasts
  2 slaves
  3 black bears
  A hornet zombie (D:15)
  2 eyes of draining
  23 ogres
  11 wolves (Lair:6)
  18 crocodiles
  10 centaurs
  4 big kobolds
  3 gnoll sergeants
  3 wyvern zombies
  17 bullfrogs
  Dowan (D:7)
  7 scorpions
  29 killer bees (Lair:4)
  4 wights (D:6)
  6 howler monkeys
  6 crimson imps
  2 centaur zombies
  A bullfrog zombie (D:12)
  10 hounds
  6 jellies
  Crazy Yiuf (D:3)
  6 centaur skeletons
  18 orc priests
  Ijyb (D:5)
  A bullfrog skeleton (D:4)
  An iguana (D:8)
  11 worker ants
  32 orc wizards
  2 hell rats (Lair:4)
  A spriggan simulacrum (IceCv)
  4 centaur simulacra (IceCv)
  2 hound skeletons
  3 hound zombies
  Robin (D:2)
  20 gnolls
  A howler monkey zombie (D:9)
  2 naga simulacra (IceCv)
  17 adders
  3 ogre simulacra (IceCv)
  10 shadow imps
  4 white imps (Gauntlet)
  An adder skeleton (D:4)
  3 worms
  A dart slug (D:1)
  8 leopard geckos
  119 orcs
  7 bats
  4 giant cockroaches
  12 goblins
  8 hobgoblins
  4 jackals
  31 kobolds
  6 quokkas
  A ball python (D:3)
  6 frilled lizards
  A leopard gecko skeleton (D:4)
  A quokka zombie (D:5)
  2 rats
  A bush (Lair:6)
  A fungus (Lair:6)
  2 plants
  3 withered plants (D:15)
1098 creatures vanquished.

Vanquished Creatures (collateral kills)
  Saint Roka (Orc:2)
  3 gargoyles (Volcano)
  An orc warrior (Orc:2)
  A spriggan skeleton (Volcano)
  A troll skeleton (Volcano)
7 creatures vanquished.

Vanquished Creatures (others)
  A human (D:13)
  An orc (D:11)
  850 foxfires
  18 fungi
  13 plants
  4 withered plants (D:15)
887 creatures vanquished.

Grand Total: 1992 creatures vanquished

Notes
Turn   | Place    | Note
-------+----------+-------------------------------------------
     0 | D:1      | tilp the Draconian Fire Elementalist began the quest for
                  | the Orb.
     0 | D:1      | Reached XP level 1. HP: 14/14 MP: 3/3
   195 | D:1      | Reached XP level 2. HP: 13/20 MP: 1/5
  1050 | D:2      | Reached XP level 3. HP: 22/26 MP: 0/6
  1222 | D:2      | Found an opulent altar of Gozag.
  1259 | D:2      | Noticed Robin
  1549 | D:1      | Learned a level 3 spell: Conjure Flame
  1636 | D:2      | Reached XP level 4. HP: 32/33 MP: 3/7
  1726 | D:2      | Killed Robin
  1726 | D:2      | Reached skill level 5 in Fire Magic
  2208 | D:3      | Found a runed translucent door.
  2209 | D:3      | Noticed Crazy Yiuf
  2346 | D:3      | Reached XP level 5. HP: 38/38 MP: 3/8
  3049 | D:3      | Learned a level 4 spell: Sticky Flame
  3077 | D:4      | Noticed Edmund
  3922 | D:4      | Noticed an ogre
  4244 | D:4      | Killed an ogre
  4244 | D:4      | Reached skill level 2 in Conjurations
  4244 | D:4      | Reached XP level 6. HP: 45/45 MP: 0/10
  5005 | D:4      | Found a staircase to the Ecumenical Temple.
  5038 | Temple   | Entered the Ecumenical Temple
  5333 | Temple   | Became a worshipper of Vehumet
  5364 | Temple   | Reached skill level 3 in Conjurations
  5719 | D:4      | Your scales start taking on an icy white colour.
  5719 | D:4      | Reached XP level 7. HP: 50/50 MP: 8/13
  5719 | D:4      | Gained mutation: Your flesh is cold resistant. (rC+) [White
                  | Draconian growth]
  5961 | D:4      | Found an ornate altar of the Wu Jian Council.
  5965 | D:4      | Found a shattered altar of Ashenzari.
  6015 | D:5      | Entered Level 5 of the Dungeon
  6140 | D:5      | Noticed Ijyb
  6391 | D:5      | Noticed Prince Ribbit
  6406 | D:5      | Found a sparkling altar of Nemelex Xobeh.
  6471 | D:5      | Reached skill level 4 in Conjurations
  6650 | D:5      | Noticed Grinder
  7520 | D:5      | Reached skill level 5 in Conjurations
  7555 | D:5      | Reached * piety under Vehumet
  7555 | D:5      | Offered knowledge of Freeze by Vehumet.
  7560 | D:5      | Learned a level 1 spell: Freeze
  8131 | D:6      | Found Orraopad's Armour Shoppe.
  8302 | D:6      | Reached skill level 6 in Conjurations
  8302 | D:6      | Reached skill level 5 in Fire Magic
  8643 | D:6      | Found Poorgh's Armour Emporium.
  8645 | D:6      | Reached XP level 8. HP: 57/57 MP: 11/14
  8662 | D:6      | Bought a +0 buckler for 45 gold pieces
  9231 | D:7      | Found Soiveheg's Jewellery Shop.
  9261 | D:7      | Reached skill level 1 in Ice Magic
  9562 | D:7      | Noticed Duvessa
  9605 | D:7      | Reached skill level 7 in Conjurations
  9698 | D:7      | Noticed Dowan
  9718 | D:7      | Noticed Harold
  9739 | D:6      | Reached skill level 8 in Conjurations
  9739 | D:6      | Reached skill level 1 in Fighting
  9748 | D:6      | Offered knowledge of Sandblast by Vehumet.
  9748 | D:6      | Reached skill level 1 in Shields
 10058 | D:7      | Reached XP level 9. HP: 52/67 MP: 11/15
 10059 | D:7      | Reached ** piety under Vehumet
 10448 | D:7      | Killed Dowan
 10548 | D:7      | Killed Duvessa
 10737 | D:7      | Found a snail-covered altar of Cheibriados.
 10875 | D:6      | Killed Harold
 10875 | D:6      | Reached skill level 10 in Conjurations
 11768 | D:8      | Reached XP level 10. HP: 78/78 MP: 13/16
 12138 | D:9      | Noticed a two-headed ogre
 12330 | D:9      | Killed a two-headed ogre
 12471 | D:9      | Found a snail-covered altar of Cheibriados.
 12589 | D:9      | Offered knowledge of Ignite Poison by Vehumet.
 12701 | D:9      | Found a burning altar of Makhleb.
 12703 | D:9      | Found a glowing silver altar of Zin.
 12703 | D:9      | Noticed an angel
 12703 | D:9      | Noticed a balrug
 12879 | D:9      | Found a runed translucent gate.
 12880 | D:9      | Found a runed translucent gate.
 12880 | D:9      | Found an opulent altar of Gozag.
 12881 | D:9      | Found a runed translucent gate.
 12883 | D:9      | Noticed skk's ghost (novice DDFi)
 12883 | D:9      | Noticed a deep troll
 12935 | D:9      | Noticed Pikel
 13035 | D:6      | Bought the +2 hat of Eternity {rC+ Str-3 Int+7 Stlth+} for
                  | 392 gold pieces
 13046 | D:6      | Learned a level 5 spell: Fireball
 13299 | D:9      | Killed Pikel
 13766 | D:10     | Entered Level 10 of the Dungeon
 13847 | D:10     | Reached *** piety under Vehumet
 13926 | D:10     | Reached skill level 5 in Spellcasting
 14238 | D:10     | Found a staircase to the Lair.
 15212 | D:10     | Got a bloodstained falchion
 15353 | D:10     | Learned a level 3 spell: Frozen Ramparts
 15726 | D:10     | Reached XP level 11. HP: 89/89 MP: 16/19
 15837 | D:10     | Offered knowledge of Airstrike by Vehumet.
 16141 | D:11     | Noticed a brown ugly thing
 16162 | D:11     | Killed a brown ugly thing
 16162 | D:11     | Reached skill level 11 in Conjurations
 16448 | D:11     | Found a staircase to the Orcish Mines.
 16693 | D:11     | Noticed Fannar
 17067 | D:11     | Identified the +2 falchion of the Wilderness {vorpal, rC+
                  | MR+} (You found it on level 10 of the Dungeon)
 17158 | D:11     | Noticed a cyan ugly thing
 17186 | D:11     | Killed a cyan ugly thing
 17451 | D:11     | Reached **** piety under Vehumet
 17903 | D:11     | Killed Fannar
 17903 | D:11     | Reached skill level 12 in Conjurations
 18244 | D:4      | Killed Edmund
 18244 | D:4      | Reached skill level 1 in Evocations
 18428 | D:3      | Killed Crazy Yiuf
 18528 | D:5      | Killed Prince Ribbit
 18528 | D:5      | Offered knowledge of Lee's Rapid Deconstruction by Vehumet.
 18633 | D:5      | Killed Grinder
 18645 | D:5      | Killed Ijyb
 19017 | D:6      | Identified a scroll of acquirement
 19093 | Lair:1   | Entered Level 1 of the Lair of Beasts
 20079 | Lair:2   | Found a frozen archway.
 20202 | IceCv    | Entered an ice cave
 20259 | IceCv    | Reached XP level 12. HP: 96/96 MP: 20/23
 21152 | IceCv    | Identified the +5 halberd of Urghoeff {venom, MR+ Str-3
                  | Dex+8 Stlth+}
 21237 | IceCv    | Reached ***** piety under Vehumet
 21762 | Lair:2   | Noticed Maggie
 21895 | Lair:2   | Offered knowledge of Irradiate by Vehumet.
 22196 | Lair:2   | You fall into a shaft and drop 1 floor!
 22462 | Lair:2   | Killed Maggie
 23216 | Lair:3   | Reached skill level 10 in Fire Magic
 23788 | Lair:3   | Found a staircase to the Snake Pit.
 23944 | Lair:3   | Learned a level 1 spell: Apportation
 23949 | Lair:3   | Learned a level 4 spell: Iskenderun's Mystic Blast
 24168 | Lair:4   | Reached skill level 5 in Evocations
 24846 | Lair:4   | Found a staircase to the Shoals.
 25075 | Lair:4   | Noticed an eight-headed hydra
 25082 | Lair:4   | Killed an eight-headed hydra
 25492 | Lair:4   | Noticed a death yak
 25501 | Lair:4   | Killed a death yak
 25502 | Lair:4   | Reached XP level 13. HP: 53/102 MP: 3/25
 26156 | Lair:4   | Offered knowledge of Yara's Violent Unravelling by Vehumet.
 26976 | Lair:5   | Noticed Kirke
 27002 | Lair:5   | Reached skill level 5 in Ice Magic
 27010 | Lair:5   | Killed Kirke
 27010 | Lair:5   | Reached skill level 13 in Conjurations
 27381 | Lair:6   | Entered Level 6 of the Lair of Beasts
 27387 | Lair:6   | Found a dark tunnel.
 27460 | Volcano  | Entered a volcano
 29362 | Lair:6   | Found a staircase to the Slime Pits.
 29965 | Lair:6   | Reached skill level 14 in Conjurations
 30176 | Lair:6   | Reached XP level 14. HP: 110/110 MP: 24/26
 31717 | Orc:1    | Entered Level 1 of the Orcish Mines
 32186 | D:11     | Reached skill level 15 in Conjurations
 32298 | D:11     | Learned a level 4 spell: Hailstorm
 32302 | Orc:1    | Offered knowledge of Spellforged Servitor by Vehumet.
 32713 | Orc:1    | Reached skill level 5 in Dodging
 32884 | Orc:2    | Entered Level 2 of the Orcish Mines
 33115 | Orc:2    | Found a staircase to the Elven Halls.
 33557 | Orc:2    | Found a roughly hewn altar of Beogh.
 33557 | Orc:2    | Found Vorphiots's Antique Weapon Emporium.
 33767 | Orc:2    | Found a roughly hewn altar of Beogh.
 33963 | Orc:2    | Found a roughly hewn altar of Beogh.
 34061 | Orc:2    | Found a roughly hewn altar of Beogh.
 34615 | Orc:2    | Found a roughly hewn altar of Beogh.
 34880 | Orc:2    | Offered knowledge of Lightning Bolt by Vehumet.
 34899 | Orc:2    | Learned a level 5 spell: Lightning Bolt
 35149 | Orc:2    | Found a roughly hewn altar of Beogh.
 35194 | Orc:2    | Found Zodghecux's Assorted Antiques.
 35438 | Orc:2    | Noticed Saint Roka
 35998 | Orc:2    | Killed Saint Roka
 35998 | Orc:2    | Reached skill level 10 in Fighting
 36373 | Orc:2    | Found Viyliema's Antique Weapon Shop.
 36378 | Orc:2    | Found a roughly hewn altar of Beogh.
 36378 | Orc:2    | Found Elicerun's Antique Armour Boutique.
 36392 | Orc:2    | Bought a pair of glowing gloves for 225 gold pieces
 36398 | Orc:2    | Bought a scorched dire flail for 261 gold pieces
 36398 | Orc:2    | Identified the +10 dire flail of Insomnia {protect, rC++
                  | SInv} (You bought it in a shop on level 2 of the Orcish
                  | Mines)
 36470 | Orc:2    | Bought a papyrus book for 480 gold pieces
 36470 | Orc:2    | Bought a pearl ring for 160 gold pieces
 36470 | Orc:2    | Bought a scroll of fog for 64 gold pieces
 36470 | Orc:2    | Bought a potion of brilliance for 128 gold pieces
 36470 | Orc:2    | Bought a scroll of identify for 64 gold pieces
 37328 | D:12     | Reached skill level 5 in Stealth
 37346 | D:12     | Reached XP level 15. HP: 115/126 MP: 27/27
 37400 | D:12     | Identified the cursed +0 arbalest of Midsummer {venom,
                  | rElec rF+ rC+}
 37665 | D:12     | Got a dazzling rapier
 37666 | D:12     | Identified the +8 rapier of Disarray {elec, *Rage rElec
                  | Dex+2 Stlth+} (You found it on level 12 of the Dungeon)
 37958 | D:12     | Reached ****** piety under Vehumet
 38031 | D:12     | Found a runed translucent door.
 38174 | D:12     | Found a runed translucent door.
 38175 | D:12     | Found a runed translucent door.
 38402 | D:13     | Found a stormy altar of Qazlal.
 38451 | D:13     | Noticed Rupert
 38639 | D:13     | Offered knowledge of Starburst by Vehumet.
 38714 | D:13     | Paralysed by Rupert for 4 turns
 38719 | D:13     | Killed Rupert
 39482 | D:13     | Found a gate to the Vaults.
 39819 | D:14     | Found a gate leading to a gauntlet.
 39839 | D:14     | Reached skill level 10 in Spellcasting
 39848 | Gauntlet | Entered a Gauntlet
 39848 | Gauntlet | Found a transporter.
 39904 | Gauntlet | Found a transporter.
 39915 | Gauntlet | Found a transporter.
 39920 | Gauntlet | Found a transporter.
 39935 | Gauntlet | Found a transporter.
 39954 | Gauntlet | Found a transporter.
 39966 | Gauntlet | Found a transporter.
 39978 | Gauntlet | Found a transporter.
 39990 | Gauntlet | Found a transporter.
 40002 | Gauntlet | Found a transporter.
 40019 | Gauntlet | Found a transporter.
 40037 | Gauntlet | Found a transporter.
 40039 | Gauntlet | Found a transporter.
 40064 | Gauntlet | Found a transporter.
 40066 | Gauntlet | Found a transporter.
 40086 | Gauntlet | Found a transporter.
 40206 | Gauntlet | Found a transporter.
 40206 | Gauntlet | Found a transporter.
 40352 | Gauntlet | Paralysed by a floating eye for 4 turns
 40396 | Gauntlet | Got a steaming hat
 40471 | Gauntlet | Got a pair of dazzling boots
 40504 | Gauntlet | Got a bloodstained war axe
 40512 | Gauntlet | Identified Sif Muna's Handbook of Evil Hexes
 40551 | D:14     | Identified the +2 pair of boots of Ysoesm {rF+ MR+ Str+4}
                  | (You found it in a Gauntlet)
 40845 | D:14     | Found Agujo's Food Shoppe.
 41209 | D:14     | Found Qoatachu's Food Shop.
 41248 | D:15     | Entered Level 15 of the Dungeon
 41485 | D:15     | Found a staircase to the Depths.
 42094 | D:15     | Offered knowledge of Ozocubu's Refrigeration by Vehumet.
 42250 | D:15     | Reached skill level 1 in Maces & Flails
 43317 | D:15     | Identified the +3 hat "Enymejit" {rElec Int+5 Dex+3} (You
                  | found it in a Gauntlet)
 43525 | Lair:3   | Learned a level 6 spell: Freezing Cloud
 43571 | Snake:1  | Entered Level 1 of the Snake Pit
 43592 | Snake:1  | Reached skill level 1 in Air Magic
 44035 | Snake:1  | You fall into a shaft and drop 1 floor!
 44402 | Snake:1  | Reached XP level 16. HP: 135/139 MP: 25/30
 44742 | Snake:2  | Reached skill level 5 in Maces & Flails
 47894 | Snake:3  | Offered knowledge of Lehudib's Crystal Spear by Vehumet.
 48331 | Snake:4  | Entered Level 4 of the Snake Pit
 48334 | Snake:4  | Found a flickering gateway to a bazaar.
 48345 | Snake:4  | Reached skill level 10 in Maces & Flails
 48386 | Snake:4  | Upgraded the game from 0.25.0-3-gd7cc5688da to
                  | 0.25.0-9-g26727b657a
 50638 | Snake:4  | Reached XP level 17. HP: 82/146 MP: 12/32
 51183 | Snake:4  | Identified the cursed +0 war axe of Gozag's Inspiration
                  | {pain, rElec Int-5 Stlth+} (You found it in a Gauntlet)
 52819 | Snake:4  | Offered knowledge of Fire Storm by Vehumet.
 52819 | Snake:4  | Offered knowledge of Chain Lightning by Vehumet.
 52819 | Snake:4  | Offered knowledge of Absolute Zero by Vehumet.
 53706 | Snake:4  | Got a serpentine rune of Zot
 54141 | Shoals:1 | Entered Level 1 of the Shoals
 54263 | Shoals:1 | Learned a level 5 spell: Bolt of Magma
 54265 | Shoals:1 | Learned a level 1 spell: Summon Butterflies
 54639 | Shoals:1 | Noticed a kraken
 55283 | Shoals:2 | Found Erphyces's Antique Armour Boutique.
 55288 | Shoals:2 | Reached skill level 1 in Earth Magic
 55301 | Shoals:2 | HP: 2/146 [merfolk/+0 trident (10)]
 55302 | Shoals:2 | Mangled by a sea snake

Illustrated notes

Levels and vault maps discovered:
D:1:      dpeg_arrival_yet_another_circle, layout_basic
D:2:      layout_rooms, lemuel_doored_altar, uniq_robin
D:3:      layout_basic, serial_bayou_pond_b, due_unseen_surprise,
          uniq_crazy_yiuf_cottage
D:4:      layout_basic, grunt_temple_overflow_open,
          minmay_temple_entry_stoned_glass, first_ration, uniq_edmund
D:5:      kennysheep_kobold_camp, layout_basic, overflow_temple_1_default,
          uniq_ijyb, uniq_grinder, uniq_prince_ribbit1
D:6:      layout_cave_pools, serial_shops, nicolae_shop_behind_doors, shop
D:7:      layout_rooms, serial_shops, shop, basic_altar, grunt_livestock,
          uniq_harold, uniq_duvessa
D:8:      layout_cave_pools
D:9:      layout_long_grid, grunt_temple_overflow_order_and_chaos_2,
          ebering_ghost_gozag, basic_altar, grunt_decor_cap, uniq_pikel
D:10:     layout_stronghold, lair_entry_dummy, hangedman_misty_isle
D:11:     layout_loops_corners, kennysheep_orc_monster_closet_entryway,
          minmay_tree_intersection, uniq_fannar
D:12:     minmay_imperfect_grid, layout_loops_ring, mikee_hates_you
D:13:     layout_loops_ring, ximxim_vaults_locker_room, basic_altar,
          minmay_fractal_squares_diagonal_5, uniq_rupert
D:14:     layout_basic, serial_shops, kennysheep_little_box, shop,
          gauntlet_entry_generic, minivault_25, lemuel_nasty_fountain
D:15:     gammafunk_depths_entry_grave, layout_grid_maze, minmay_crystal_room,
          item_on_display_a
Temple:   eino_temple_rhombus
Lair:1:   layout_concentric_octagons, serial_bayou_lagoon_a, grunt_megastairs_5,
          lemuel_fruit_fields, serial_bayou_shore_b
Lair:2:   layout_roguey, portal_ice_cave_rime, uniq_maggie
Lair:3:   layout_regular_city, dummy_snake_entry
Lair:4:   regret_index_wax_grids, layout_gridlike, elwin_shoals_entry_rooms,
          st_stairs_5
Lair:5:   layout_hall_layers, grunt_forest_small_clearing_treed, uniq_kirke
Lair:6:   evil_forest, layout_regular_city, minmay_slime_entry_pillars,
          nicolae_volcano_entry_two_sided, serial_bayou_shore_b
Shoals:1: layout_shoals, nicolae_shoals_kraken_intersection
Shoals:2: layout_shoals, serial_shops,
          nicolae_shop_temple_entry_statues_fountains, shop, shop,
          nicolae_shop_trees, shop_fountains, nicolae_shoals_aquamancer_cove
Snake:1:  layout_gridlike
Snake:2:  layout_chambers
Snake:3:  layout_misc_corridors, serial_bayou_pond_b, st_stairs_1
Snake:4:  grunt_snake_rune_serpentine_throne, layout_cave_town, serial_shops,
          bzr_entry_lakeside, grunt_ministairs_10, serial_bayou_shore_b
Orc:1:    layout_diamond_mine
Orc:2:    grunt_orc_community_town_hall, layout_caves,
          grunt_orc_community_big_house_1, grunt_orc_community_big_house_2,
          grunt_orc_community_house_3, grunt_orc_community_house_3,
          grunt_orc_community_house_2, grunt_orc_community_house_1,
          grunt_orc_community_house_3, grunt_orc_community_house_2

Skill      XL: |  1  2  3  4  5  6  7  8  9 10 11 12 13 14 15 16 17 |
---------------+----------------------------------------------------+-----
Fire Magic     | 4 5 6 4 5 6 7 8 10 11 12 | 12.0
Spellcasting   | 3 4 5 7 8 10 11 12 | 12.0
Conjurations   | 2 3 6 8 10 12 14 15 | 15.0
Ice Magic      | 2 6 |  6.0
Fighting       | 2 4 6 10 12 | 12.0
Dodging        | 2 3 4 6 |  6.0
Shields        | 2 4 |  4.0
Stealth        | 4 5 8 |  8.0
Evocations     | 4 6 |  6.0
Maces & Flails | 4 10 14 | 14.0
Air Magic      | 2 4 |  4.0
Earth Magic    | 2 |  2.4

Action                   |  1- 3 |  4- 6 |  7- 9 | 10-12 | 13-15 | 16-18 || total
-------------------------+-------+-------+-------+-------+-------+-------++-------
Melee: Dagger            |    26 |    79 |    23 |       |       |       ||   128
       Tailslap          |     1 |    10 |    14 |    68 |   125 |    77 ||   295
       Unarmed           |     1 |       |       |       |     4 |       ||     5
       Short sword       |       |       |   118 |   145 |       |       ||   263
       Falchion          |       |       |       |   280 |   612 |    54 ||   946
       Dire flail        |       |       |       |       |       |   446 ||   446
Throw: Dart              |       |       |     6 |     4 |     7 |     4 ||    21
 Cast: Foxfire           |    52 |   114 |   150 |   209 |       |       ||   525
       Conjure Flame     |       |     6 |     7 |       |       |       ||    13
       Sticky Flame      |       |     1 |    19 |   124 |   190 |    52 ||   386
       Freeze            |       |       |     5 |    17 |       |       ||    22
       Fireball          |       |       |       |    43 |   238 |    93 ||   374
       Frozen Ramparts   |       |       |       |    43 |    89 |    67 ||   199
       Iskenderun's Myst |       |       |       |       |    36 |    26 ||    62
       Hailstorm         |       |       |       |       |    11 |     2 ||    13
       Lightning Bolt    |       |       |       |       |     8 |     1 ||     9
       Freezing Cloud    |       |       |       |       |       |    12 ||    12
       Bolt of Magma     |       |       |       |       |       |     2 ||     2
 Abil: Breathe Frost     |       |       |     4 |     1 |     2 |       ||     7
Evoke: Wand              |       |       |       |     1 |     3 |       ||     4
  Use: Scroll            |     2 |     1 |     9 |    25 |    22 |     7 ||    66
       Potion            |       |     1 |     1 |       |     3 |     6 ||    11
 Stab: Sleeping          |     1 |     2 |     2 |     9 |    10 |     6 ||    30
       Distracted        |       |       |       |     1 |       |     2 ||     3
  Eat: Chunk             |     3 |    12 |    10 |    41 |    69 |    11 ||   146
       Ration            |       |     1 |     4 |     6 |    12 |    11 ||    34
Armor: Skin              |    34 |    52 |    72 |   162 |   329 |   187 ||   836
Dodge: Dodged            |    54 |    90 |   173 |   333 |   689 |   444 ||  1783
       Repelled          |       |       |       |     6 |    30 |    60 ||    96
Block: Buckler           |       |       |       |   166 |   181 |    29 ||   376
       Rpst.: Falchion   |       |       |       |    56 |   178 |    10 ||   244
